 Dungeon Crawl Stone Soup version 0.31-a0-233-g139696dc86 (webtiles) character file.

Game seed: 5444028884444962124

79 porpoise the Shooter (level 4, 0/28 HPs)
             Began as a Kobold Hunter on July 8, 2023.
             Killed from afar by Natasha (9 damage)
             ... with a magic dart
             ... on level 3 of the Dungeon.
             The game lasted 00:04:50 (1757 turns).

porpoise the Shooter (Kobold Hunter)                Turns: 1757, Time: 00:04:51

Health: 0/28       AC:  4    Str: 14    XL:     4   Next: 64%
Magic:  4/4        EV: 15    Int: 10    God:
Gold:   90         SH:  0    Dex: 20    Spells: 3/3 levels left

rFire   . . .        a - +0 shortbow
rCold   . . .        (shield currently unavailable)
rNeg    . . .        c - +0 leather armour
rPois   .            (no helmet)
rElec   .            (no cloak)
rCorr   .            (no gloves)
SInv    .            h - +0 pair of boots
Will    .....        (no amulet)
Stlth   +++          d - +6 ring of strength
HPRegen 0.24/turn    (no ring)
MPRegen 0.09/turn

%: no passive effects
@: slowed, very slow
A: small, no large weapons, nightstalker 3
a: no special abilities


You were on level 3 of the Dungeon.
You visited 1 branch of the dungeon, and saw 3 of its levels.

You collected 90 gold pieces.

Inventory:

Hand Weapons
 a - a +0 shortbow (weapon)
Missiles
 j - 11 poisoned darts
Armour
 c - a +0 leather armour (worn)
 h - a +0 pair of boots (worn)
Magical Staves
 i - a staff of conjuration
Jewellery
 d - a +6 ring of strength (left hand)
Scrolls
 b - a scroll of butterflies
 f - a scroll of teleportation {unknown}
 k - a scroll of identify {unknown}
Potions
 e - a potion of lignification {unknown}
 g - a potion of attraction {unknown}


   Skills:
 + Level 3.0 Fighting
 * Level 6.6 Ranged Weapons
 - Level 2.4 Dodging
 + Level 3.0 Stealth


You had 3 spell levels left.
You didn't know any spells.
Your spell library contained the following spells:

 Spells                   Type           Power      Damage    Failure   Level
 Foxfire                  Conj/Fire      0%         2x1d4     43%         1
 Call Canine Familiar     Summ           0%         N/A       82%         3
 Portal Projectile        Hex/Tloc       0%         N/A       82%         3
 Leda's Liquefaction      Hex/Erth       0%         N/A       99%         4
 Fireball                 Conj/Fire      0%         3d3       100%        5
 Plasma Beam              Fire/Air       0%         2x1d10    100%        6
 Starburst                Conj/Fire      0%         6d3       100%        6


Dungeon Overview and Level Annotations

Branches:
Dungeon (3/15)

Altars:
Xom

Annotations:
D:3 Natasha


Innate Abilities, Weirdness & Mutations

You are small and have problems with some larger weapons.
You are completely attuned to the shadows.


Message History

You open the door.
Found a chain mail.
There is an open door here.
You see here a +0 chain mail.
A goblin comes into view. It is wielding a +0 dagger.
You shoot an arrow. The arrow hits the goblin.
The goblin shouts!
The goblin is severely wounded.
You hear an angry hiss.
You shoot an arrow. The arrow hits the goblin!
You kill the goblin!
No target in view!
Natasha, Servant of Life and Death comes into view.
You shoot an arrow. The arrow hits Natasha.
Natasha is moderately wounded.
You shoot an arrow. The arrow hits Natasha!
Natasha is almost dead.
Natasha casts a spell at you. The magic dart hits you.
You shoot an arrow. The arrow closely misses Natasha.
Natasha stares at you and mumbles some strange words.
You feel yourself slow down.
You shoot an arrow. The arrow closely misses Natasha.
Natasha stares at you and mumbles some strange words.
The magic dart hits you!
You shoot an arrow. The arrow hits Natasha.
Natasha is almost dead.
Natasha casts a spell at you. The magic dart hits you. Natasha claws you.
* * * LOW HITPOINT WARNING * * *
You are too injured to fight recklessly!
You are too injured to fight recklessly!
You shoot an arrow. The arrow closely misses Natasha.
Natasha completely misses you. Natasha misses you.
You shoot an arrow.
The arrow hits Natasha but does no damage.
Natasha is almost dead.
Natasha casts a spell at you. The magic dart hits you!
You die...

[.##......#
##.....#
..##### ..#
..## ..
#..##.
..###.....
...#.@h#
.....).#
.#.#.#.# #
#.#.# #.#.#
#.# #.#.#
#.#.# #^#.#


You could see Natasha.

Vanquished Creatures
  A gnoll (D:1)
  A worm (D:3)
  4 ball pythons
  7 bats
  4 endoplasms
  4 giant cockroaches
  8 goblins
  6 hobgoblins
  6 jackals
  6 kobolds
  2 quokkas
  A frilled lizard (D:2)
  4 rats
54 creatures vanquished.

Notes
Turn   | Place    | Note
-------+----------+-------------------------------------------
     0 | D:1      | porpoise the Kobold Hunter began the quest for the Orb.
     0 | D:1      | Reached XP level 1. HP: 12/12 MP: 1/1
    77 | D:1      | Reached XP level 2. HP: 18/18 MP: 2/2
   296 | D:1      | Reached XP level 3. HP: 12/22 MP: 3/3
   387 | D:1      | Reached skill level 6 in Ranged Weapons
   767 | D:2      | Found a shimmering altar of Xom.
   925 | D:2      | Reached XP level 4. HP: 27/27 MP: 4/4
  1668 | D:3      | Found a faded altar of an unknown god.
  1750 | D:3      | Noticed Natasha
  1757 | D:3      | Killed from afar by Natasha

Illustrated notes

Levels and vault maps discovered:
D:1:      dpeg_arrival_long_road, layout_rooms
D:2:      layout_basic, basic_altar
D:3:      layout_basic, nicolae_dithmenos_shadow_blocks,
          eat_drink_and_be_merry_uskayaw,
          dreamdust_ecumenical_altar_angels_and_demons, uniq_robin,
          uniq_grinder, uniq_natasha

Skill      XL: |  1  2  3  4 |
---------------+-------------+-----
Stealth        | 2 3 |  3.0
Ranged Weapons | 6 |  6.6
Fighting       | 3 |  3.0
Dodging        | |  2.4

Action                     |  1- 3 |  4- 6 || total
---------------------------+-------+-------++-------
   Fire: Shortbow          |    72 |    76 ||   148
 Armour: Leather armour    |    11 |     7 ||    18
  Dodge: Dodged            |    29 |    32 ||    61

Table legend: (Time is in decaauts)
 A = Elapsed time spent in this place.
 B = Non-inter-level travel time spent in this place.
 C = Inter-level travel time spent in this place.
 D = Time resting spent in this place.
 E = Time spent auto-exploring this place.
 F = Levels seen in this place.
 G = Mean time per level.
                   A        B        C        D        E       F      G
               +--------+--------+--------+--------+--------+-----+--------+
         Total |   1778 |   1754 |     24 |    115 |   1337 |   3 |  592.7 |
       Dungeon |   1778 |   1754 |     24 |    115 |   1337 |   3 |  592.7 |
               +--------+--------+--------+--------+--------+-----+--------+

Top non-repeatable levels by time:
     D:2: 793 daAuts
     D:1: 678 daAuts
     D:3: 307 daAuts
